 Dungeon Crawl Stone Soup version 0.25.1-2-g60ff931df9 (webtiles) character file.

Game seed: 7596411763958727581

17 OdinFK the Gusty (level 2, -1/23 HPs)
             Began as a Draconian Air Elementalist on Oct 31, 2020.
             Slain by an adder (2 damage)
             ... on level 1 of the Dungeon.
             The game lasted 00:06:20 (1051 turns).

OdinFK the Gusty (Draconian Air Elementalist)       Turns: 1051, Time: 00:06:21

Health: -1/23      AC:  5    Str:  7 (10) XL:     2   Next: 44%
Magic:  4/5        EV: 12    Int: 13 (15) God:
Gold:   55         SH:  0    Dex: 10 (11) Spells: 2/5 levels left

rFire    . . .     SeeInvis .   d - +0 club
rCold    . . .     Gourm    .   (no shield)
rNeg     . . .     Faith    .   (armour unavailable)
rPois    .         Spirit   .   (helmet restricted)
rElec    .         Reflect  .   (no cloak)
rCorr    .         Harm     .   (no gloves)
MR       +....                  a - +0 pair of boots
Stlth    ++........             (no amulet)
HPRegen  0.07/turn              (no ring)
MPRegen  0.09/turn              (no ring)

@: lethally poisoned (-1 -> -13), sluggish, very slow
A: unfitting armour, blurry vision 1, magic resistance 1, cold-blooded, AC +4
a: no special abilities


You were on level 1 of the Dungeon.
You were hungry.

You visited 1 branch of the dungeon, and saw 2 of its levels.

You collected 55 gold pieces.

Inventory:

Hand Weapons
 d - a +0 club (weapon)
Missiles
 h - 22 poisoned darts (quivered)
Armour
 a - a +0 pair of boots (worn)
Scrolls
 e - a scroll of remove curse {unknown}
 g - a scroll of enchant armour {unknown}
Comestibles
 b - 5 rations


   Skills:
 - Level 1.0 Fighting
 + Level 0.0 Throwing
 - Level 2.0 Dodging
 - Level 1.7 Stealth
 + Level 2.2 Spellcasting
 + Level 1.3 Conjurations
 + Level 0.1 Charms
 + Level 3.1 Air Magic


You had 2 spell levels left.
You knew the following spells:

 Your Spells              Type           Power        Failure   Level  Hunger
a - Shock                 Conj/Air       #...         10%         1    ##.....
b - Swiftness             Chrm/Air       #.......     19%         2    ###....

Your spell library contained the following spells:

 Spells                   Type           Power        Failure   Level  Hunger
 Static Discharge         Conj/Air       #.......     30%         3    ####...
 Airstrike                Air            #.........   56%         4    #####..
 Lightning Bolt           Conj/Air       #.........   95%         5    ######.


Dungeon Overview and Level Annotations

Branches:
Dungeon (2/15)

Altars:
Ashenzari
Zin


Innate Abilities, Weirdness & Mutations

Your plain brown scales are hard. (AC +4)
You cannot fit into any form of body armour.
You are cold-blooded and may be slowed by cold attacks.
Scrolls take you a little longer to read.
You are resistant to hostile enchantments. (MR+)


Message History

There was something very wrong with that liquid.
You feel weakened.
You feel dopey.
You feel clumsy.
* * * LOW HITPOINT WARNING * * *
You feel sick. The adder misses you.
You hit the adder.
The adder is moderately wounded.
* * * LOW HITPOINT WARNING * * *
You feel sick.
The adder looks more healthy.
The adder bites you but does no damage. The adder barely misses you.
You closely miss the adder.
The adder is moderately wounded.
* * * LOW HITPOINT WARNING * * *
You feel sick. The adder barely misses you.
The adder bites you but does no damage.
You completely miss the adder. You tail-slap the adder.
The adder is heavily wounded.
You start to feel a little faster.
* * * LOW HITPOINT WARNING * * *
You feel sick. The adder bites you.
You die...

#.....#.## ####.####
#.....### #.# #.....#
#.### ##...## #...#
#####+## ###.# ##...##
#.# ##.....## ###.#
##.......## ##.#.#
##.........####.@..#
.'.........'...S...####
##........(####.......#
##.......## #..#.##.#
##.....## #.##.##.#
##...## #.##.##.# ##'##
#.#..##.# #.# #.#.###.#
#.# #.#.# #.#


You could see an adder.

Vanquished Creatures
  A bat (D:1)
  A giant cockroach (D:1)
  A goblin (D:1)
  4 hobgoblins (D:1)
  A jackal (D:1)
  2 kobolds (D:1)
  2 frilled lizards (D:1)
  3 rats (D:1)
15 creatures vanquished.

Notes
Turn   | Place    | Note
-------+----------+-------------------------------------------
     0 | D:1      | OdinFK the Draconian Air Elementalist began the quest for
                  | the Orb.
     0 | D:1      | Reached XP level 1. HP: 14/14 MP: 3/3
   251 | D:1      | Reached XP level 2. HP: 15/22 MP: 0/5
   255 | D:1      | Learned a level 2 spell: Swiftness
   303 | D:1      | Found a shattered altar of Ashenzari.
   515 | D:1      | Reached skill level 1 in Fighting
   986 | D:2      | Found a glowing silver altar of Zin.
  1047 | D:1      | Gained mutation: Scrolls take you a little longer to read.
                  | [potion of mutation]
  1047 | D:1      | Gained mutation: You are resistant to hostile enchantments.
                  | (MR+) [potion of mutation]
  1051 | D:1      | HP: 1/23 [poisoned by an adder]
  1051 | D:1      | Slain by an adder

Illustrated notes

Levels and vault maps discovered:
D:1:      noname_arrival_rooms_in_the_neighbourhood, layout_loops_corners,
          evilmike_ruin_ashenzari
D:2:      layout_rooms, nicolae_overflow_crystal_walls, tgw_trog, serial_forest,
          infiniplex_forest_lined_3_way, infiniplex_forest_straight_3,
          infiniplex_forest_lined_room_, infiniplex_forest_lined_3,
          infiniplex_forest_clump_curved, infiniplex_forest_lined_corner

Skill      XL: |  1  2 |
---------------+-------+-----
Dodging        | 2 |  2.0
Fighting       | 1 |  1.0
Stealth        | |  1.7
Spellcasting   | |  2.2
Conjurations   | |  1.3
Charms         | |  0.1
Air Magic      | |  3.1

Action                   || total
-------------------------++-------
Melee: Club              ||    22
       Tailslap          ||     3
Throw: Dart              ||     8
 Cast: Shock             ||    19
       Swiftness         ||     1
  Use: Potion            ||     2
 Stab: Sleeping          ||     1
Armor: Skin              ||     9
Dodge: Dodged            ||    20
